 Dungeon Crawl Stone Soup version 0.24.0-13-gcf9b3192b9 (webtiles) character file.

Game seed: 14595411707646055496, levelgen mode: deterministic

139 Delamore the Chopper (level 5, 0/67 HPs)
             Began as a Hill Orc Monk on Nov 5, 2019.
             Slain by a giant cockroach (1 damage)
             ... on level 3 of the Dungeon.
             The game lasted 00:03:42 (2942 turns).

Delamore the Chopper (Hill Orc Monk)                Turns: 2942, Time: 00:03:43

Health: 0/67       AC: 22    Str: 15    XL:     5   Next: 22%
Magic:  5/5        EV:  2    Int: 10    God:
Gold:   140        SH:  0    Dex: 13    Spells: 4/4 levels left

rFire    . . .     SeeInvis .   a - +0 hand axe
rCold    . . .     Gourm    .   (no shield)
rNeg     + + +     Faith    .   (armour currently unavailable)
rPois    +         Spirit   .   (helmet currently unavailable)
rElec    .         Reflect  .   (cloak currently unavailable)
rCorr    .         Harm     .   (gloves currently unavailable)
MR       .....     NoTele   +   (boots currently unavailable)
Stlth    ++........             (no amulet)
HPRegen  0.21/turn              (no ring)
MPRegen  0.09/turn              (no ring)

@: lethally poisoned (0 -> -1), tree-form
A: no striking features
a: no special abilities


You were on level 3 of the Dungeon.
You were hungry.
You were a tree.
You visited 1 branch of the dungeon, and saw 3 of its levels.

You collected 140 gold pieces.

Inventory:

Hand Weapons
 a - a +0 hand axe (weapon)
Missiles
 h - 6 curare-tipped darts (quivered)
Armour
 m - a +0 pair of boots (melded)
 n - a +0 chain mail (melded)
Scrolls
 g - a scroll of teleportation {unknown}
 k - a scroll of identify {unknown}
 l - a scroll of amnesia {unknown}
 o - a scroll of random uselessness {unknown}
 r - 3 scrolls of remove curse {unknown}
 s - a scroll of enchant weapon {unknown}
 t - a scroll of enchant armour {unknown}
Potions
 b - a potion of ambrosia {unknown}
 d - a potion of agility {unknown}
 e - a potion of degeneration {unknown}
 f - a potion of brilliance {unknown}
 j - a potion of curing {unknown}
 q - a potion of berserk rage {unknown}
 u - a potion of heal wounds {unknown}
Comestibles
 c - 4 rations
 p - a chunk of flesh


   Skills:
 - Level 3.6 Fighting
 + Level 7.4 Axes
 + Level 0.8 Armour
 - Level 2.4 Dodging
 - Level 1.5 Stealth


You had 4 spell levels left.
You didn't know any spells.
Your spell library was empty.

Dungeon Overview and Level Annotations

Branches:
Dungeon (3/15)

Altars:

Portals:
Sewer: D:3


Message History

You kill the giant cockroach!
You hit the giant cockroach. The giant cockroach barely misses you.
You barely miss the giant cockroach.
The giant cockroach is moderately wounded.
The giant cockroach bites you but does no damage.
You hit the giant cockroach.
The giant cockroach is severely wounded.
* * * LOW HITPOINT WARNING * * *
You feel sick.
The giant cockroach bites you but does no damage.
You closely miss the giant cockroach.
The giant cockroach is severely wounded.
The giant cockroach barely misses you.
You hit the giant cockroach but do no damage.
The giant cockroach is severely wounded.
The giant cockroach bites you but does no damage.
You hit the giant cockroach.
The giant cockroach is almost dead.
The giant cockroach bites you.
You die...

...........†.................# #.
[..............<##..........## #.
.............#.....#........## #.
.............................###.
######..#.###......#..........##.
####....#..........########......
..........######.### #..##.##
####......#≈≈≈≈#.# #..##.#
...#......#≈≈≈rs♣# #..##.#
...#......#≈≈∩≈#†# #..##.##
..........#≈≈≈≈#... ... #..#
..........#≈≈≈≈#.#.# .... ##.#
..........######..... .. ##.#
##.......... ....... ..###...
#(.....#..# ....#### ....#...
#).....#..# ..... .##.....
#......# .# .....#.<


You could see a giant cockroach and a rat.

Vanquished Creatures
  5 adders
  A river rat (D:3)
  An ooze (D:3)
  3 worms
  2 dart slugs
  5 leopard geckos
  3 orcs (D:2)
  5 bats
  6 giant cockroaches
  4 goblins
  9 hobgoblins
  4 jackals (D:1)
  2 frilled lizards (D:1)
  7 kobolds
  3 rats
60 creatures vanquished.

Notes
Turn   | Place    | Note
-------+----------+-------------------------------------------
     0 | D:1      | Delamore the Hill Orc Monk began the quest for the Orb.
     0 | D:1      | Reached XP level 1. HP: 19/19 MP: 1/1
   389 | D:1      | Reached XP level 2. HP: 22/26 MP: 2/2
   503 | D:1      | Reached skill level 5 in Axes
   800 | D:1      | Reached XP level 3. HP: 11/31 MP: 3/3
  1491 | D:2      | Reached skill level 6 in Axes
  1824 | D:2      | Reached XP level 4. HP: 10/39 MP: 4/4
  2740 | D:3      | Reached skill level 7 in Axes
  2863 | D:3      | Reached XP level 5. HP: 42/45 MP: 5/5
  2898 | D:3      | Found a glowing drain.
  2922 | D:3      | HP: 3/67 [river rat (4)]
  2931 | D:3      | HP: 3/67 [poisoned by an adder]
  2933 | D:3      | HP: 1/67 [poisoned by an adder]
  2939 | D:3      | HP: 1/67 [poisoned by an adder]
  2942 | D:3      | Slain by a giant cockroach

Levels and vault maps discovered:
D:1:      lightli_iron_boxes, layout_basic
D:2:      layout_loops_ring, first_ration, dk_noncrumbling_4
D:3:      layout_rooms, portal_sewer_entry_c

Skill      XL: |  1  2  3  4 |
---------------+-------------+-----
Axes           | 5 6 7 |  7.4
Fighting       | |  3.6
Armour         | |  0.8
Dodging        | |  2.4
Stealth        | |  1.5

Action                   |  1- 3 |  4- 6 || total
-------------------------+-------+-------++-------
Melee: Hand axe          |   124 |   150 ||   274
  Use: Potion            |       |     1 ||     1
 Stab: Sleeping          |     1 |       ||     1
  Eat: Chunk             |     3 |     3 ||     6
Armor: Robe              |    18 |       ||    18
       Chain mail        |       |    90 ||    90
       Skin              |       |    13 ||    13
Dodge: Dodged            |    87 |    41 ||   128
